 Dungeon Crawl Stone Soup version 0.26-a0-712-ga5a9c9c9d0 (webtiles) character file.

Game seed: 7982456861932373314

1199 Lanoc the Cleaver (level 8, -1/71 HPs)
             Began as a Hill Orc Chaos Knight on Nov 5, 2020.
             Was a Plaything of Xom.
             Slain by an orc warrior
             ... wielding a +0 long sword
              (9 damage)
             ... on level 6 of the Dungeon.
             The game lasted 00:08:09 (4907 turns).

Lanoc the Cleaver (Hill Orc Chaos Knight)           Turns: 4907, Time: 00:08:10

Health: -1/71      AC:  9    Str: 15    XL:     8   Next: 44%
Magic:  8/8        EV: 12    Int: 10    God:    Xom [....*.]
Gold:   1430       SH:  0    Dex: 12    Spells: 7/7 levels left

rFire    + . .     SeeInvis .   a - +0 hand axe (chaos)
rCold    . . .     Faith    .   (no shield)
rNeg     + . .     Spirit   .   e - +0 swamp dragon scales
rPois    +         Reflect  .   b - +1 hat
rElec    .         Harm     .   u - scarf {+Inv}
rCorr    +         Rampage  .   (no gloves)
MR       .....     Rnd*Rage +   (no boots)
Stlth    +.........             (no amulet)
HPRegen  0.21/turn              l - ring of resist corrosion
MPRegen  0.11/turn              i - ring of positive energy

@: no status effects
A: berserk 1, dopey 1, fire resistance 1
a: Renounce Religion, Evoke Invisibility


You were on level 6 of the Dungeon.
You worshipped Xom.
You were a beloved toy of Xom.
You visited 1 branch of the dungeon, and saw 6 of its levels.
You also visited: Sewer.

You collected 1430 gold pieces.

Inventory:

Hand Weapons
 a - a +0 hand axe of chaos (weapon)
Missiles
 p - 2 datura-tipped darts (quivered)
Armour
 b - a +1 hat (worn)
 e - +0 swamp dragon scales (worn)
 g - a +0 helmet
 u - a scarf of invisibility (worn)
Jewellery
 f - an uncursed ring of stealth
 i - a ring of positive energy (right hand)
 l - a ring of resist corrosion (left hand)
Wands
 k - a wand of random effects (28)
 v - a wand of polymorph (8)
Scrolls
 d - 2 scrolls of remove curse
 m - 2 scrolls of fog
 o - a scroll of teleportation {unknown}
 r - 2 scrolls of magic mapping
 s - a scroll of enchant armour
Potions
 c - a potion of might
 h - 2 potions of heal wounds
 j - 3 potions of haste
 n - a potion of mutation
 q - 3 potions of curing
 t - a potion of brilliance
 w - a potion of lignification


   Skills:
 + Level 6.4 Fighting
 * Level 9.0 Axes
 + Level 5.2 Armour
 + Level 3.5 Dodging


You had 7 spell levels left.
You didn't know any spells.
Your spell library was empty.

Dungeon Overview and Level Annotations

Branches:
Dungeon (6/15)             Temple (0/1) D:6           Sewer (visited)

Altars:
Cheibriados
Hepliaklqana
Uskayaw


Innate Abilities, Weirdness & Mutations

You tend to lose your temper in combat.
You are dopey. (Int -2)
Your flesh is heat resistant. (rF+)


Message History

The orc barely misses the ogre.
The ogre hits you with a +0 giant club!
* * * LOW HITPOINT WARNING * * *
The orc hits you from afar with a +0 trident.
* * * LOW HITPOINT WARNING * * *
The orc warrior misses you.
Throwing (i - inventory)
p - 4 datura-tipped darts (quivered)
Press: ? - help, Shift-Dir - straight line, f/p - ogre
Aim: an ogre, wielding a +0 giant club (black smoke, severely wounded, chance to frenzy on hit: 27%)
You throw a datura-tipped dart. The datura-tipped dart hits the ogre.
The ogre resists.
The ogre is severely wounded.
Throwing (i - inventory)
p - 3 datura-tipped darts (quivered)
Press: ? - help, Shift-Dir - straight line, f/p - ogre
Aim: an ogre, wielding a +0 giant club (black smoke, severely wounded, chance to frenzy on hit: 27%)
You throw a datura-tipped dart. The datura-tipped dart hits the ogre.
The ogre resists.
The ogre is severely wounded.
The orc misses you.
The orc warrior hits you with a +0 long sword!
You die...

#........#......#
#........#......#
#############..##..#####
...........##..##..##..#
........o..#............
........)§.#............
.....§§o§§§#.....<.###'#
.....§§oO§§'....>..##..#
.....§5@o§§#...##..##...
...##################...
#...............+(...
#...............#####
########........##..#
##.....##.(..##..##...
#......##....##..##...
#.....................
#................##..#


You could see an orc warrior, an ogre, 2 orcs and a friendly iron imp
(summoned).

Vanquished Creatures
  Maggie (D:6)
  An acid dragon (D:5)
  An ogre (D:6)
  A bullfrog (Sewer)
  A scorpion (D:6)
  A killer bee (D:4)
  A centaur zombie (D:5)
  A bullfrog skeleton (D:6)
  2 hounds
  2 worker ants (D:5)
  6 gnolls
  4 adders
  An ufetubus (D:6)
  11 oozes (Sewer)
  2 worms
  A dart slug (D:4)
  12 leopard geckos
  12 orcs
  10 ball pythons
  17 giant cockroaches
  4 goblins
  3 hobgoblins
  5 jackals
  A kobold (D:3)
  3 quokkas
  5 bats
  12 frilled lizards
  A leopard gecko skeleton (D:4)
  3 rats
125 creatures vanquished.

Vanquished Creatures (collateral kills)
  Menkaure (D:4)
  2 orc wizards (D:3)
  A worker ant (D:4)
4 creatures vanquished.

Grand Total: 129 creatures vanquished

Notes
Turn   | Place    | Note
-------+----------+-------------------------------------------
     0 | D:1      | Lanoc the Hill Orc Chaos Knight began the quest for the
                  | Orb.
     0 | D:1      | Reached XP level 1. HP: 19/19 MP: 1/1
   204 | D:2      | Reached skill level 1 in Dodging
   204 | D:2      | Reached XP level 2. HP: 26/27 MP: 2/2
   363 | D:3      | XOM: silly message
   378 | D:3      | Reached XP level 3. HP: 33/33 MP: 3/3
   408 | D:3      | XOM: summons friendly iron imp
   415 | D:3      | Reached skill level 5 in Axes
   415 | D:3      | Reached XP level 4. HP: 24/40 MP: 4/4
   695 | D:3      | Reached XP level 5. HP: 23/47 MP: 5/5
   872 | D:2      | XOM: confuse monster(s)
  1379 | D:4      | Found a glowing drain.
  1395 | Sewer    | Entered a sewer
  1556 | Sewer    | XOM: scenery: summon butterflies
  1559 | Sewer    | XOM: noise
  1577 | Sewer    | Reached skill level 6 in Axes
  1690 | Sewer    | XOM: summons 2 hostile shadow creatures
  1863 | Sewer    | Reached XP level 6. HP: 52/55 MP: 6/6
  1968 | Sewer    | Reached skill level 5 in Fighting
  2005 | Sewer    | XOM: noise
  2265 | D:4      | XOM: summons friendly ufetubus
  2272 | D:4      | Noticed Menkaure
  2276 | D:4      | XOM: divination: magic mapping
  2283 | D:4      | Killed Menkaure
  2460 | D:4      | XOM: polymorph gnoll -> dart slug
  2475 | D:4      | Reached skill level 7 in Axes
  2475 | D:4      | Reached XP level 7. HP: 55/61 MP: 7/7
  2537 | D:4      | XOM: enchant monster (good)
  2839 | D:4      | XOM: 2-stop teleportation journey
  2888 | D:5      | Entered Level 5 of the Dungeon
  3110 | D:5      | XOM: polymorph ogre -> scorpion
  3310 | D:5      | XOM: 2-stop teleportation journey
  3953 | D:5      | Found a snail-covered altar of Cheibriados.
  3956 | D:5      | Found a hide-covered altar of Uskayaw.
  3961 | D:5      | Found a hazy altar of Hepliaklqana.
  4025 | D:6      | XOM: god gift: scroll labeled LIPHIC MYVUCS {god gift}
  4064 | D:6      | Reached skill level 8 in Axes
  4081 | D:6      | Gained mutation: You are dopey. (Int -2) [potion of
                  | mutation]
  4081 | D:6      | Gained mutation: You tend to lose your temper in combat.
                  | [potion of mutation]
  4081 | D:6      | Gained mutation: Your flesh is heat resistant. (rF+)
                  | [potion of mutation]
  4082 | D:6      | Identified a scroll of acquirement
  4084 | D:6      | Acquired 1175 gold pieces
  4278 | D:6      | Found a staircase to the Ecumenical Temple.
  4345 | D:6      | Noticed Maggie
  4358 | D:6      | Killed Maggie
  4358 | D:6      | Reached skill level 5 in Armour
  4358 | D:6      | Reached XP level 8. HP: 52/70 MP: 8/8
  4501 | D:6      | XOM: butterfly on damage
  4504 | D:6      | XOM: butterfly on damage
  4505 | D:6      | Reached skill level 9 in Axes
  4895 | D:6      | XOM: swap monsters
  4904 | D:6      | XOM: summons friendly iron imp
  4907 | D:6      | Slain by an orc warrior

Illustrated notes

Levels and vault maps discovered:
D:1:      minmay_arrival_stone_box, layout_basic
D:2:      layout_basic, evilmike_ruin_ashenzari, uniq_jessica
D:3:      layout_basic
D:4:      layout_rooms, serial_curves, eino_curves_02, eino_curves_02,
          cheibrodos_sewer_entry_drain, minivault_14, uniq_menkaure
D:5:      layout_basic, grunt_temple_overflow_diamond,
          chequers_serial_rivers_micro_e
D:6:      layout_gridville, minmay_temple_entry_junction, uniq_maggie

Skill      XL: |  1  2  3  4  5  6  7  8 |
---------------+-------------------------+-----
Dodging        | 1 2 3 |  3.5
Fighting       | 4 5 6 |  6.4
Axes           | 5 6 7 8 9 |  9.0
Armour         | 3 4 5 |  5.2

Action                   |  1- 3 |  4- 6 |  7- 9 || total
-------------------------+-------+-------+-------++-------
Melee: Hand axe          |    56 |   271 |   121 ||   448
Throw: Dart              |       |       |     3 ||     3
  Use: Scroll            |       |       |    13 ||    13
       Potion            |       |       |     4 ||     4
 Stab: Paralysed         |     1 |     1 |     7 ||     9
       Sleeping          |       |     2 |       ||     2
       Petrifying        |       |     1 |       ||     1
       Petrified         |       |       |     8 ||     8
Armor: Leather armour    |    29 |    80 |    24 ||   133
       Swamp dragon scal |       |       |     5 ||     5
Dodge: Dodged            |    55 |   202 |    78 ||   335

Table legend: (Time is in decaauts)
 A = Elapsed time spent in this place.
 B = Non-inter-level travel time spent in this place.
 C = Inter-level travel time spent in this place.
 D = Time resting spent in this place.
 E = Time spent auto-exploring this place.
 F = Levels seen in this place.
 G = Mean time per level.
                   A        B        C        D        E       F      G
               +--------+--------+--------+--------+--------+-----+--------+
         Total |   5011 |   4902 |    109 |    150 |   3792 |   7 |  715.9 |
       Dungeon |   4070 |   3961 |    109 |    150 |   3181 |   6 |  678.3 |
         Sewer |    941 |    941 |      0 |      0 |    610 |   1 |  941.0 |
               +--------+--------+--------+--------+--------+-----+--------+

Top non-repeatable levels by time:
     D:5: 1088 daAuts
   Sewer: 941 daAuts
     D:6: 925 daAuts
     D:3: 699 daAuts
     D:4: 673 daAuts
     D:2: 529 daAuts
     D:1: 153 daAuts
